 Dungeon Crawl Stone Soup version 0.16.2-2-g470672f (webtiles) character file.

156 fortyCakes the Magician (level 5, -10/31 HPs)
             Began as a High Elf Fire Elementalist on Sept 4, 2015.
             Mangled by an iguana (14 damage)
             ... on level 2 of the Dungeon.
             The game lasted 00:13:24 (2789 turns).

fortyCakes the Magician (HEFE)                      Turns: 2789, Time: 00:13:24

Health: -10/31     AC:  3    Str:  7    XL:     5   Next: 15%
Magic:  18/18      EV: 13    Int: 19    God:
Gold:   116        SH:  0    Dex: 16    Spells: 2 memorised, 10 levels left

rFire  . . .     SeeInvis .     j - +2 whip (venom)
rCold  . . .     Clarity  .     p - steam dragon hide
rNeg   . . .     SustAb   .     (no shield)
rPois  .         Gourm    .     (no helmet)
rElec  .         Spirit   .     (no cloak)
rCorr  .         Warding  .     (no gloves)
rMut   .         Stasis   .     e - +0 pair of boots
MR     .....                    (no amulet)
Stlth  ++........               (no ring)
                                (no ring)

@: not resistant to hostile enchantments, unstealthy
A: no striking features
a: no special abilities


You were on level 2 of the Dungeon.
You were hungry.

You visited 1 branch of the dungeon, and saw 4 of its levels.

You collected 116 gold pieces.

Inventory:

Hand weapons
 j - a +2 whip of venom (weapon)
Armour
 a - a +0 robe
 e - a +0 pair of boots (worn)
 p - a steam dragon hide (worn)
Jewellery
 s - an uncursed amulet of the gourmand {unknown}
Magical devices
 q - a wand of cold (7)
Scrolls
 d - a scroll of remove curse
 h - 2 scrolls of random uselessness {unknown}
 i - 2 scrolls of identify {unknown}
 k - a scroll of enchant armour {unknown}
 l - a scroll of magic mapping {unknown}
 m - 5 scrolls of amnesia {unknown}
 o - a scroll of teleportation {unknown}
Potions
 g - 2 potions of curing
 r - a potion of poison {unknown}
Books
 b - a book of Flames

   Spells                             Type                      Level
   a - Flame Tongue                   Conjuration/Fire             1
   b - Throw Flame                    Conjuration/Fire             2
   c - Conjure Flame                  Conjuration/Fire             3
   d - Inner Flame                    Hexes/Fire                   3
   e - Sticky Flame                   Conjuration/Fire             4
   f - Fireball                       Conjuration/Fire             5
Comestibles
 c - 4 bread rations
 f - a meat ration
 n - a slice of pizza


   Skills:
 - Level 2.1 Dodging
 - Level 2.1 Stealth
 - Level 5.0 Spellcasting
 + Level 3.2 Conjurations
 - Level 3.1 Fire Magic


You had 10 spell levels left.
You knew the following spells:

 Your Spells              Type           Power        Failure   Level  Hunger
a - Flame Tongue          Conj/Fire      ###..        4%          1    None
b - Conjure Flame         Conj/Fire      ###.....     12%         3    ##.....


Dungeon Overview and Level Annotations

Branches:
Dungeon (4/15)
 Temple: D:4-7

Altars:
Elyvilon
Nemelex Xobeh


Message History

There is a stone staircase leading down here.
There is a stone staircase leading down here.
You see here a dagger.
The iguana bites you.
* * * LOW HITPOINT WARNING * * *
Your magical contamination has completely faded away.
There is a stone staircase leading down here.
An orc comes into view. It is wielding a flail.
The orc moves out of view.
There is an escape hatch in the ceiling here.
The iguana bites you. A mysterious force pulls you upwards.
The hatch slams shut behind you.
There is an open door here.
The iguana bites you!
* * * LOW HITPOINT WARNING * * *
Read which item? (? for menu, Esc to quit)
As you read the scroll labeled SHUCIM LUDAEZE, it crumbles to dust.
You feel as if something is helping you.
It was a scroll of remove curse.
The iguana bites you!
You die...

#.##.#.......+......##.#
#.##.#..>....####.#.##.#
#.##.#............#.##+#
#.##.##'#.###.#...#.....
#.##.##.#.# #.#####.....
#.##.##.#.# #...........
#.##.##.#.############'#
#.##.##l#.#.............
#.##.##@#.#.##########.#
#.##.##.#.#.#.)........#
#.#.......#.#.##########
#.#..##.###.#.# #..
#.#..##.# #.#.# #.#
##.#..##.###.#.# #.#
#..........<.#.# #.#
###..###.......# #.#
#..########### #..


You could see an iguana.

Vanquished Creatures
  An orc priest (D:3)
  4 gnolls (D:2)
  An adder (D:3)
  2 worms (D:3)
  A giant gecko (D:1)
  An ooze (D:1)
  2 orcs (D:3)
  A ball python (D:1)
  11 bats
  4 giant cockroaches
  11 goblins
  3 hobgoblins
  4 jackals (D:3)
  10 kobolds
  4 giant newts
  8 rats
68 creatures vanquished.

Notes
Turn   | Place    | Note
--------------------------------------------------------------
     0 | D:1      | fortyCakes, the High Elf Fire Elementalist, began the quest for the Orb.
     0 | D:1      | Reached XP level 1. HP: 11/11 MP: 4/4
   176 | D:1      | Reached XP level 2. HP: 15/17 MP: 3/6
   702 | D:1      | Reached XP level 3. HP: 16/21 MP: 4/8
  1179 | D:2      | Learned a level 3 spell: Conjure Flame
  1298 | D:2      | Reached XP level 4. HP: 25/27 MP: 7/13
  1996 | D:2      | Reached skill level 4 in Spellcasting
  2211 | D:3      | Found a white marble altar of Elyvilon.
  2211 | D:3      | Found a sparkling altar of Nemelex Xobeh.
  2496 | D:3      | Reached skill level 5 in Spellcasting
  2496 | D:3      | Reached XP level 5. HP: 31/31 MP: 12/18
  2789 | D:2      | Mangled by an iguana

Action                   |  1- 3 |  4- 6 || total
-------------------------+-------+-------++-------
Melee: Unarmed           |    26 |       ||    26
       Whip              |       |     8 ||     8
 Cast: Flame Tongue      |    61 |    61 ||   122
  Use: Potion            |     1 |       ||     1
       Scroll            |       |     1 ||     1
 Stab: Sleeping          |       |     1 ||     1
  Eat: Chunk             |       |     5 ||     5
